 Dungeon Crawl Stone Soup version 0.26.1-2-gb8aa6d0cf2 (webtiles) character file.

Game seed: 3629403065826217613

52174 Phaedo the Covert (level 14, -3/89 HPs)
             Began as an Octopode Delver on Mar 30, 2021.
             Was a High Priest of Hepliaklqana.
             Killed from afar by an orc sorcerer (22 damage)
             ... with a bolt of fire
             ... on level 1 of the Orcish Mines.
             The game lasted 01:06:36 (30628 turns).

Phaedo the Covert (Octopode Delver)                Turns: 30628, Time: 01:06:37

Health: -3/89      AC:  3    Str: 11    XL:     14   Next: 62%
Magic:  18/19      EV: 20    Int: 16    God:    Hepliaklqana [*****.]
Gold:   1217       SH: 13    Dex: 15    Spells: 13/13 levels left

rFire    . . .     SeeInvis +   a - +2 trident (venom)
rCold    . . .     Faith    .   x - +2 kite shield
rNeg     . . .     Spirit   .   S - +2 hat
rPois    .         Reflect  .   (no amulet)
rElec    .         Harm     .   L - ring of see invisible
rCorr    .         Rampage  .   (no ring)
Will     ++...                  Z - ring of willpower
Stlth    ++++++....             (no ring)
HPRegen  0.24/turn              (no ring)
MPRegen  0.16/turn              (no ring)
                                (no ring)
                                (no ring)

@: no status effects
A: almost no armour, stealthy swim, amphibious, 8 rings, constrict 8, reduced
essence, camouflage 1, gelatinous body 1
a: Renounce Religion, Recall Ancestor, Ancestor Identity, Transference, Idealise


You were on level 1 of the Orcish Mines.
You worshipped Hepliaklqana.
Hepliaklqana was extremely pleased with you.
You visited 4 branches of the dungeon, and saw 21 of its levels.

You collected 1321 gold pieces.
You spent 104 gold pieces at shops.

Inventory:

Hand Weapons
 a - a +2 trident of venom (weapon)
 b - a +3 hunting sling
 F - a +0 spear
 T - a +1 trident of flaming
Missiles
 i - 46 poisoned darts (quivered)
 l - 642 stones
 B - 26 boomerangs
 J - 92 sling bullets
 V - 3 curare-tipped darts
Armour
 x - a +2 kite shield (worn)
 S - a +2 hat (worn)
Jewellery
 r - an uncursed ring of fire
 L - a ring of see invisible (left tentacle)
 Z - a ring of willpower (on tentacle)
Wands
 e - a wand of acid (6)
 f - a wand of digging (10)
 y - a wand of polymorph (12)
 D - a wand of enslavement (8)
 H - a wand of iceblast (10)
 K - a wand of random effects (36)
 Q - a wand of flame (23)
Scrolls
 c - 2 scrolls of magic mapping
 d - 4 scrolls of fear
 g - 6 scrolls of remove curse
 h - 4 scrolls of enchant armour
 j - a scroll of summoning
 k - 4 scrolls of identify
 n - 5 scrolls of amnesia
 q - 2 scrolls of enchant weapon
 w - 2 scrolls of blinking
 A - 10 scrolls of teleportation
 G - 3 scrolls of noise {unknown}
 I - 2 scrolls of fog
 M - 2 scrolls of silence {unknown}
 N - a scroll of acquirement {unknown}
 O - a scroll of immolation {unknown}
 R - a scroll of vulnerability {unknown}
 X - a scroll of holy word {unknown}
 Y - a scroll of random uselessness {unknown}
Potions
 m - 5 potions of attraction
 o - a potion of cancellation
 p - 2 potions of resistance
 s - 5 potions of curing
 t - a potion of haste
 u - 3 potions of magic
 v - 4 potions of heal wounds
 z - 2 potions of flight
 C - 6 potions of might
 E - 2 potions of brilliance
 P - 4 potions of lignification
 U - 2 potions of mutation {unknown}
Miscellaneous
 W - a lightning rod (4/4)


   Skills:
 + Level 10.2 Fighting
 + Level 11.6 Polearms
 + Level 11.6 Dodging
 - Level 12.0 Stealth
 + Level 11.1 Shields
 + Level 7.1 Invocations
 + Level 9.2 Evocations


You had 13 spell levels left.
You didn't know any spells.
Your spell library contained the following spells:

 Spells                   Type           Power        Failure   Level
 Beastly Appendage        Tmut           0%           38%         1
 Corona                   Hex            0%           38%         1
 Magic Dart               Conj           0%           38%         1
 Sandblast                Erth           0%           38%         1
 Ensorcelled Hibernation  Hex/Ice        0%           52%         2
 Passwall                 Tmut/Erth      0%           52%         2
 Poisonous Vapours        Pois/Air       0%           52%         2
 Searing Ray              Conj           0%           52%         2
 Wereblood                Tmut           0%           52%         2
 Confusing Touch          Hex            0%           77%         3
 Conjure Flame            Conj/Fire      0%           77%         3
 Dazzling Flash           Conj/Hex       0%           77%         3
 Gell's Gravitas          Tloc           0%           77%         3
 Mephitic Cloud           Conj/Pois/Air  0%           77%         3
 Spider Form              Tmut/Pois      0%           77%         3
 Stone Arrow              Conj/Erth      0%           77%         3
 Tukima's Dance           Hex            0%           77%         3
 Fulminant Prism          Conj/Hex       0%           99%         4
 Ice Form                 Ice/Tmut       0%           99%         4
 Iskenderun's Mystic Bla  Conj/Tloc      0%           99%         4
 Petrify                  Tmut/Erth      0%           99%         4
 Blade Hands              Tmut           0%           100%        5
 Lee's Rapid Deconstruct  Erth           0%           100%        5
 Metabolic Englaciation   Hex/Ice        0%           100%        5
 Yara's Violent Unravell  Hex/Tmut       0%           100%        5
 Freezing Cloud           Conj/Ice/Air   0%           100%        6


Dungeon Overview and Level Annotations

Branches:
Dungeon (13/15)            Temple (1/1) D:7            Lair (6/6) D:10
 Shoals (0/4) Lair:3        Snake (0/4) Lair:3        Slime (0/5) Lair:5
    Orc (1/2) D:11
 Vaults: D:13-14

Altars:
Ashenzari
Cheibriados
Elyvilon
Fedhas
Hepliaklqana
Kikubaaqudgha
Nemelex Xobeh
Sif Muna
Trog
The Shining One

Shops:
D:4 [   D:5 [   D:6 !

Annotations:
Lair:6 2 transporters, Jipob's ghost, adept MiBe


Innate Abilities, Weirdness & Mutations

You cannot wear most types of armour.
You are very stealthy in the water. (Stealth+)
You are amphibious.
You can wear up to eight rings at the same time.
You can use your tentacles to constrict eight enemies at once.
Your skin changes colour to match your surroundings (Stealth+).
Your rubbery body absorbs attacks. (AC +1, EV +1)
Your life essence is reduced to manifest your ancestor. (-10% HP)


Message History

The cyclops is severely wounded.
An orc warrior comes into view. It is wielding a +0 battleaxe.
You block the orc warrior's attack.
Nammahani closely misses the orc priest.
Unknown command.
You hit the orc sorcerer.
The orc sorcerer looks as sick as possible!
You grab the orc sorcerer.
The orc sorcerer is severely wounded.
You constrict the orc sorcerer, but do no damage.
The orc sorcerer casts a spell at you. The bolt of fire hits you!
* * * LOW HITPOINT WARNING * * *
The cyclops laughs at nothing.
The cyclops hits the orc priest.
You block the orc warrior's attack.
You release your grip on the orc sorcerer.
Nammahani hits the orc priest with a +0 dagger of draining!
The orc sorcerer casts a spell at you. The bolt of fire hits you!!
You die...

##......### ###.....#...#
##.....###...### #......#
#.....### ##.#...#
#...###.#
#[##...###...##..##
..##....#....#....#
...##.......##...o###
[.)[#).....##..(@.Co#
#.)..)......#...##ooR§...
###.)..>##....### #.....#
##.....####..## ....##
##....###.....## ...o#
#.......#......# .....
.......[....#...# ....
....###.....#....$ .#..
..###...<..##......


You could see the friendly Nammahani the hexer, a cyclops (confused, extremely
poisoned), an orc sorcerer (extremely poisoned), 2 orc warriors, an orc priest
(slow) and an orc.

Vanquished Creatures
  Erolcha (D:9)
  Harold (D:7)
  3 hydras
  5 boulder beetles
  A two-headed ogre (D:12)
  A tengu warrior (D:10)
  Nergalle (Lair:4)
  An unseen horror (D:11)
  Pikel (D:7)
  A cyclops (D:12)
  A merfolk siren (Lair:3)
  Psyche (D:9)
  Joseph (D:7)
  16 cane toads
  3 rime drakes
  5 komodo dragons
  3 polar bears
  3 trolls
  3 tyrant leeches (Lair:6)
  Prince Ribbit (D:9)
  A hornet (Lair:4)
  5 slime creatures (D:12)
  12 blink frogs
  27 yaks
  5 wyverns
  A basilisk (Lair:2)
  2 wraiths
  A steam dragon (D:11)
  4 vampire mosquitoes
  2 nagas (Lair:3)
  8 water moccasins
  An ice beast (D:7)
  A sky beast (D:5)
  5 orc warriors
  3 black bears
  A necrophage (D:7)
  2 phantoms
  2 eyes of draining (D:4)
  4 boggarts (Lair:4)
  7 ogres
  12 wolves
  3 centaurs
  4 big kobolds
  24 bullfrogs
  A gnoll sergeant (D:11)
  3 scorpions
  11 killer bees
  2 howler monkeys
  3 centaur zombies
  A quasit (D:11)
  4 jellies
  2 bullfrog skeletons (D:12)
  4 bullfrog zombies
  10 orc priests
  A gnoll shaman (Orc:1)
  4 hounds
  6 orc wizards
  Jessica (D:9)
  An iguana (D:10)
  5 worker ants
  2 worker ant zombies
  13 gnolls
  10 adders
  2 shadow imps
  A white imp (D:10)
  2 ufetubi
  3 oozes
  2 worms
  An adder skeleton (D:5)
  An adder zombie (D:6)
  5 leopard geckos
  61 orcs
  2 ball pythons
  12 bats
  3 giant cockroaches
  9 goblins
  9 hobgoblins
  2 jackals (D:5)
  4 quokkas
  5 frilled lizards
  35 kobolds
  2 quokka zombies
  4 rats
439 creatures vanquished.

Vanquished Creatures (collateral kills)
  Gastronok (Lair:1)
  2 hydras
  Erica (Lair:1)
  A slime creature (D:12)
  A lindwurm (Lair:5)
  A cyclops (D:12)
  An orc sorcerer (Orc:1)
  A gargoyle (D:12)
  8 cane toads
  A komodo dragon (Lair:1)
  A troll (D:11)
  8 blink frogs
  2 tyrant leeches (Lair:6)
  A spriggan (Lair:5)
  11 yaks
  A wyvern (D:9)
  2 vampire mosquitoes (Lair:6)
  A naga (Lair:3)
  A water moccasin (Lair:2)
  4 orc warriors
  A black bear (Lair:3)
  An ogre (D:8)
  5 wolves
  A big kobold (D:11)
  A centaur (D:6)
  7 bullfrogs
  2 gnoll sergeants
  A scorpion (D:11)
  A howler monkey (D:4)
  3 jellies
  4 orc priests
  5 orc wizards
  A bullfrog skeleton (D:6)
  A worker ant (D:6)
  2 adders
  4 gnolls
  An ooze (Lair:5)
  An adder zombie (D:6)
  2 leopard geckos
  16 orcs
  3 giant cockroaches
  A goblin (D:1)
  2 hobgoblins (D:3)
  A frilled lizard (D:3)
  A jackal skeleton (D:6)
  8 kobolds
  A leopard gecko zombie (D:5)
127 creatures vanquished.

Vanquished Creatures (others)
  14 hexers
  2 ancestors
  A kobold (D:9)
  27 fungi
  100 plants
144 creatures vanquished.

Grand Total: 710 creatures vanquished

Notes
Turn   | Place    | Note
-------+----------+-------------------------------------------
     0 | D:5      | Phaedo the Octopode Delver began the quest for the Orb.
     0 | D:5      | Reached XP level 1. HP: 16/16 MP: 1/1
     7 | D:5      | Noticed an orc wizard
    28 | D:5      | Found Butim's Armour Shop.
    34 | D:5      | Reached XP level 2. HP: 9/21 MP: 2/2
   319 | D:4      | Reached skill level 7 in Stealth
   319 | D:4      | Reached XP level 3. HP: 26/26 MP: 3/3
   328 | D:4      | Reached XP level 4. HP: 10/31 MP: 4/4
   602 | D:4      | Found a broken altar of Ashenzari.
   631 | D:3      | Found a hazy altar of Hepliaklqana.
   645 | D:3      | Became a worshipper of Hepliaklqana the Forgotten
   662 | D:3      | Found a faded altar of an unknown god.
  1276 | D:1      | Reached XP level 5. HP: 11/32 MP: 5/5
  1842 | D:2      | Reached * piety under Hepliaklqana
  2465 | D:2      | Found an ancient bone altar of Kikubaaqudgha.
  2466 | D:2      | Found a snail-covered altar of Cheibriados.
  2466 | D:2      | Found a glowing golden altar of the Shining One.
  2467 | D:2      | Found a blossoming altar of Fedhas.
  2880 | D:3      | Reached skill level 8 in Stealth
  3056 | D:3      | Reached XP level 6. HP: 26/37 MP: 6/6
  3355 | D:4      | Found a bloodstained altar of Trog.
  3413 | D:4      | Noticed an eye of draining
  3414 | D:4      | Noticed an eye of draining
  3426 | D:4      | Killed an eye of draining
  3427 | D:4      | Reached skill level 1 in Shields
  3496 | D:4      | Killed an eye of draining
  3627 | D:4      | Reached XP level 7. HP: 40/41 MP: 7/7
  3981 | D:4      | Found a sparkling altar of Nemelex Xobeh.
  4074 | D:4      | Found Buot's Antique Armour Boutique.
  4515 | D:5      | Reached skill level 9 in Stealth
  5155 | D:5      | Reached skill level 5 in Polearms
  5155 | D:5      | Reached skill level 5 in Dodging
  5155 | D:5      | Reached XP level 8. HP: 28/46 MP: 8/8
  5618 | D:5      | Reached ** piety under Hepliaklqana
  5619 | D:5      | Remembered your ancestor Nammahani as a hexer
  6243 | D:6      | Reached skill level 10 in Stealth
  6653 | D:6      | Found Gurghuddiy's Distillery.
  6667 | D:6      | Bought a potion of curing for 39 gold pieces
  6667 | D:6      | Bought a potion of heal wounds for 65 gold pieces
  6765 | D:6      | Found a white marble altar of Elyvilon.
  6788 | D:6      | Reached XP level 9. HP: 48/50 MP: 9/9
  6953 | D:7      | Noticed Joseph
  7077 | D:7      | Noticed Harold
  7428 | D:7      | Killed Harold
  7429 | D:7      | Reached skill level 11 in Stealth
  7429 | D:7      | Reached skill level 5 in Shields
  7701 | D:7      | Noticed Pikel
  7806 | D:7      | Found a staircase to the Ecumenical Temple.
  7913 | Temple   | Entered the Ecumenical Temple
  8625 | D:7      | Killed Pikel
  8847 | D:7      | Killed Joseph
  8848 | D:7      | Reached XP level 10. HP: 28/56 MP: 10/10
  9084 | D:7      | Reached skill level 12 in Stealth
  9863 | D:8      | Reached *** piety under Hepliaklqana
 10120 | D:8      | Found a hazy altar of Hepliaklqana.
 10140 | D:8      | Noticed Maurice
 10143 | D:8      | Noticed Maurice
 10143 | D:8      | Maurice changed into Maurice the water moccasin
 10150 | D:8      | Killed Maurice the water moccasin
 10593 | D:9      | Noticed Psyche
 10688 | D:9      | Killed Psyche
 10689 | D:9      | Reached skill level 1 in Evocations
 11853 | D:9      | Noticed Erolcha
 12190 | D:9      | Killed Erolcha
 12191 | D:9      | Reached XP level 11. HP: 60/60 MP: 11/11
 12466 | D:9      | Noticed Prince Ribbit
 12472 | D:9      | Killed Prince Ribbit
 12538 | D:9      | Noticed Jessica
 12544 | D:9      | Killed Jessica
 12546 | D:9      | Found a shimmering blue altar of Sif Muna.
 12670 | D:10     | Entered Level 10 of the Dungeon
 12830 | D:10     | Noticed a tengu warrior
 13448 | D:10     | Killed a tengu warrior
 13849 | D:10     | Reached **** piety under Hepliaklqana
 13979 | D:10     | Found a staircase to the Lair.
 14136 | D:11     | Noticed a boulder beetle
 14804 | D:11     | Killed a boulder beetle
 15119 | D:11     | Killed an unseen horror
 15331 | D:11     | Reached skill level 5 in Evocations
 15345 | D:11     | Reached skill level 5 in Fighting
 15532 | D:11     | Noticed a boulder beetle
 15545 | D:11     | Killed a boulder beetle
 15806 | D:11     | Found a staircase to the Orcish Mines.
 16284 | D:11     | Reached XP level 12. HP: 66/70 MP: 12/12
 16366 | D:11     | Noticed a boulder beetle
 16380 | D:11     | Killed a boulder beetle
 17003 | Lair:1   | Entered Level 1 of the Lair of Beasts
 17067 | Lair:1   | Noticed Gastronok
 17090 | Lair:1   | Reached skill level 1 in Invocations
 17090 | Lair:1   | Killed Gastronok
 17091 | Lair:1   | Reached skill level 10 in Polearms
 17091 | Lair:1   | Reached skill level 10 in Dodging
 17404 | Lair:1   | Noticed Erica
 17414 | Lair:1   | Killed Erica
 18870 | Lair:2   | You fall into a shaft and drop 2 floors!
 18870 | Lair:4   | Noticed a seven-headed hydra
 18878 | Lair:4   | Killed a seven-headed hydra
 19069 | Lair:2   | Reached ***** piety under Hepliaklqana
 19671 | Lair:3   | Reached XP level 13. HP: 79/79 MP: 15/15
 19951 | Lair:3   | Found a staircase to the Shoals.
 20010 | Lair:3   | Found a staircase to the Snake Pit.
 20969 | Lair:4   | Noticed Sonja
 21098 | Lair:4   | Noticed Sonja
 21098 | Lair:4   | Sonja changed into Sonja the rime drake
 21107 | Lair:4   | Killed Sonja the rime drake
 21187 | Lair:4   | Noticed Nergalle
 21286 | Lair:4   | Killed Nergalle
 21563 | Lair:4   | Reached skill level 10 in Shields
 23088 | Lair:5   | Reached skill level 5 in Invocations
 23934 | Lair:5   | Found a staircase to the Slime Pits.
 24687 | Lair:6   | Entered Level 6 of the Lair of Beasts
 25540 | Lair:6   | Reached XP level 14. HP: 27/87 MP: 14/18
 26750 | Lair:6   | Found a transporter.
 27443 | Lair:6   | Reached skill level 10 in Fighting
 27981 | Lair:6   | Found a transporter.
 28060 | Lair:6   | Noticed Jipob's ghost (adept MiBe)
 28524 | D:12     | HP: 1/89 [slime creature (14)]
 28966 | D:12     | Reached ****** piety under Hepliaklqana
 30321 | Orc:1    | Entered Level 1 of the Orcish Mines
 30628 | Orc:1    | Killed from afar by an orc sorcerer

Illustrated notes

Levels and vault maps discovered:
D:1:      sevenhm_arrival_forest_fort_small_3, layout_basic
D:2:      layout_basic, chequers_temple_overflow_statue_of_worship,
          grunt_ministairs_13
D:3:      layout_basic, lemuel_crystal_altar, chequers_ecumenical_altar_island,
          serial_bayou_pond_a
D:4:      layout_rooms, lemuel_doored_altar, trog_eyes_of_draining,
          serial_shops, nicolae_shop_behind_doors, ashenzari_altar_1
D:5:      layout_gridville, serial_shops, nicolae_shop_trees
D:6:      layout_basic, elyvilon_altar_3, serial_shops, nicolae_shop_waterfront
D:7:      layout_basic, minmay_temple_entry_mini_moons, uniq_pikel, uniq_joseph,
          uniq_harold
D:8:      layout_rooms, special_room [special_room_orc],
          kennysheep_small_circle, uniq_maurice
D:9:      kennysheep_kobold_camp, layout_rooms, tgw_sif, uniq_erolcha,
          uniq_psyche, uniq_prince_ribbit1
D:10:     layout_loops_ring, lair_entry_dummy
D:11:     layout_basic, kennysheep_orc_monster_closet_entryway
D:12:     layout_irregular_city
D:13:     minmay_shrinking_squares, layout_basic, david_vaults_2,
          grunt_ministairs_15, nicolae_qazlal_style_of_elements, uniq_urug
Temple:   minmay_temple_curvy_branch
Lair:1:   layout_cave_pods, uniq_erica, uniq_gastronok
Lair:2:   layout_gridlike
Lair:3:   layout_concentric_octagons, minmay_shoals_entry_lonely_mermaid,
          guppyfry_snake_entry_island, lemuel_fruit_fields
Lair:4:   layout_loops_ring, kilobyte_rumbling_trees, serial_bayou_shore_b,
          uniq_sonja, uniq_nergalle
Lair:5:   layout_small_grid, nicolae_slime_entry_slimehenge,
          grunt_forest_stairs_clearing
Lair:6:   minmay_lair_end_frog_pond, layout_regular_city,
          gammafunk_ghost_berserking_beasts
Orc:1:    layout_diamond_mine, serial_shops, shop, minmay_orc_temple_c

Skill      XL: |  1  2  3  4  5  6  7  8  9 10 11 12 13 14 |
---------------+-------------------------------------------+-----
Stealth        | 7 8 9 10 11 12 | 12.0
Polearms       | 3 4 5 6 7 8 9 10 11 | 11.6
Dodging        | 3 4 5 6 7 8 9 10 11 | 11.6
Shields        | 1 3 4 6 7 8 9 10 11 | 11.1
Evocations     | 3 5 7 8 9 |  9.2
Fighting       | 5 8 9 10 | 10.2
Invocations    | 3 5 7 |  7.1

Action                   |  1- 3 |  4- 6 |  7- 9 | 10-12 | 13-15 || total
-------------------------+-------+-------+-------+-------+-------++-------
Melee: Spear             |    25 |   187 |   209 |       |       ||   421
       Constrict         |     5 |    34 |    42 |    87 |   100 ||   268
       Tentacles         |     4 |    24 |    50 |   128 |   163 ||   369
       Trident           |       |       |    36 |   704 |   818 ||  1558
 Fire: Hunting sling     |       |       |       |     1 |       ||     1
Throw: Dart              |       |     5 |    26 |    35 |    15 ||    81
       Boomerang         |       |       |     3 |       |       ||     3
Invok: Recall Ancestor   |       |     1 |     2 |     5 |     2 ||    10
       Ancestor Life: He |       |       |     1 |       |       ||     1
       Idealise          |       |       |       |       |     1 ||     1
       Transference      |       |       |       |       |     1 ||     1
Evoke: Wand              |     1 |       |       |    16 |     8 ||    25
  Use: Potion            |     2 |       |     2 |     1 |     2 ||     7
       Scroll            |       |     2 |     6 |     8 |     6 ||    22
 Stab: Sleeping          |       |    29 |    14 |    26 |    23 ||    92
       Confused          |       |       |     9 |     5 |     5 ||    19
       Distracted        |       |       |     4 |    10 |    19 ||    33
Armor: Skin              |     1 |    12 |     1 |     7 |    24 ||    45
Dodge: Dodged            |    16 |    46 |   126 |   317 |   312 ||   817
Block: Kite shield       |       |       |       |   182 |   393 ||   575
